 Dungeon Crawl Stone Soup version 0.27-a0-1186-g8b4daa1eef (webtiles) character file.

Game seed: 3551384282335191536

903 leviel the Chopper (level 7, 0/63 HPs)
             Began as a Minotaur Fighter on May 19, 2021.
             Slain by Pikel
             ... wielding a +2 whip of freezing
              (5 damage)
             ... on level 5 of the Dungeon.
             The game lasted 00:04:28 (5500 turns).

leviel the Chopper (Minotaur Fighter)               Turns: 5500, Time: 00:04:28

Health: 0/63       AC:  7    Str: 22    XL:     7   Next: 80%
Magic:  6/6        EV:  8    Int:  5    God:
Gold:   234        SH: 10    Dex: 10    Spells: 6/6 levels left

rFire    . . .     SeeInvis .   a - +0 war axe
rCold    . . .     Faith    .   c - +0 kite shield
rNeg     . . .     Spirit   .   b - +0 scale mail
rPois    .         Reflect  .   (helmet restricted)
rElec    .         Harm     .   (no cloak)
rCorr    .         Rampage  .   (no gloves)
Will     .....                  (no boots)
Stlth    ..........             (no amulet)
HPRegen  0.20/turn              (no ring)
MPRegen  0.10/turn              (no ring)

@: mighty
A: horns 2, retaliatory headbutt
a: no special abilities


You were on level 5 of the Dungeon.
You visited 1 branch of the dungeon, and saw 5 of its levels.

You collected 234 gold pieces.

Inventory:

Hand Weapons
 a - a +0 war axe (weapon)
Missiles
 l - 10 poisoned darts (quivered)
Armour
 b - a +0 scale mail (worn)
 c - a +0 kite shield (worn)
Jewellery
 o - a ring of fire
Wands
 j - a wand of flame (16)
Scrolls
 g - 2 scrolls of identify {@r1}
 h - 3 scrolls of blinking
 k - 3 scrolls of teleportation
 r - a scroll of enchant armour {unknown}
Potions
 e - a potion of haste
 f - 3 potions of attraction {unknown}
 i - a potion of mutation
 m - a potion of curing
 n - a potion of ambrosia {unknown}
 p - a potion of flight
 q - a potion of heal wounds {unknown}


   Skills:
 + Level 6.0 Fighting
 * Level 7.1 Axes
 + Level 6.0 Armour
 + Level 5.9 Shields


You had 6 spell levels left.
You didn't know any spells.
Your spell library contained the following spells:

 Spells                   Type           Power      Damage    Failure   Level
 Animate Skeleton         Necr           0%         N/A       99%         1
 Freeze                   Ice            0%         1d3       99%         1
 Pain                     Necr           0%         1d4       99%         1
 Frozen Ramparts          Ice            0%         1d2       100%        3
 Ozocubu's Armour         Ice            0%         N/A       100%        3
 Vampiric Draining        Necr           0%         2d6       100%        3
 Animate Dead             Necr           0%         N/A       100%        4
 Hailstorm                Conj/Ice       0%         3d3       100%        4
 Agony                    Necr           0%         N/A       100%        5
 Metabolic Englaciation   Hex/Ice        0%         N/A       100%        5


Dungeon Overview and Level Annotations

Branches:
Dungeon (5/15)
 Temple: D:4-7

Altars:
Cheibriados
Okawaru
Uskayaw

Shops:
D:1 (

Annotations:
D:5 Pikel


Innate Abilities, Weirdness & Mutations

You have a pair of horns on your head.
You reflexively headbutt those who attack you in melee.


Message History

You are too injured to fight recklessly!
You are too injured to fight recklessly!
You are too injured to fight recklessly!
You are too injured to fight recklessly!
You are too injured to fight recklessly!
You are too injured to fight recklessly!
You are too injured to fight recklessly!
You are too injured to fight recklessly!
You are too injured to fight recklessly!
You are too injured to fight recklessly!
You are too injured to fight recklessly!
You are too injured to fight recklessly!
You are too injured to fight recklessly!
You are too injured to fight recklessly!
You are too injured to fight recklessly!
You are too injured to fight recklessly!
You are too injured to fight recklessly!
Unknown command.
You feel very mighty all of a sudden. You block Pikel's attack.
You closely miss Pikel.
Pikel is heavily wounded.
Pikel hits you but does no damage.
You closely miss Pikel.
Pikel is heavily wounded.
You block Pikel's attack.
You barely miss Pikel.
Pikel is heavily wounded.
Pikel hits you with a +2 whip of freezing!
* * * LOW HITPOINT WARNING * * *
Pikel freezes you.
* * * LOW HITPOINT WARNING * * *
You slash Pikel! You headbutt Pikel.
Pikel is almost dead.
Pikel hits you with a +2 whip of freezing!
* * * LOW HITPOINT WARNING * * *
Pikel freezes you.
* * * LOW HITPOINT WARNING * * *
Pikel hits you with a +2 whip of freezing.
You die...

#.#.####
#.########.# #.#
#.#.#
#..........# #.#
#.#.#
#####......# #.#
#^#(# ##.#####
#.# #.#.#
#######.#######.#
#.#.#
#...............#
#.#####.#########
#.# #.# #@# #.#
#K# #.# #5# #.#
#5# #.# #5# #.#
.5. ... ...


You could see Pikel and 4 lemures.

Vanquished Creatures
  An ogre (D:5)
  2 phantoms (D:5)
  A water moccasin zombie (D:5)
  A wyvern skeleton (D:4)
  A water moccasin skeleton (D:4)
  A howler monkey (D:5)
  A hound (D:3)
  2 bullfrog skeletons
  2 orc priests
  A centaur skeleton (D:5)
  2 iguanas
  An orc wizard (D:4)
  A hound skeleton (D:4)
  11 adders
  2 worms
  A dart slug (D:3)
  8 orcs
  An endoplasm (D:4)
  2 giant cockroaches
  9 goblins
  10 hobgoblins
  12 jackals
  3 quokkas
  4 ball pythons
  5 bats
  5 frilled lizards
  5 kobolds
  3 rats
98 creatures vanquished.

Notes
Turn   | Place    | Note
-------+----------+-------------------------------------------
     0 | D:1      | leviel the Minotaur Fighter began the quest for the Orb.
     0 | D:1      | Reached XP level 1. HP: 19/19 MP: 0/0
   578 | D:1      | Found Icsuiqux's Antique Weapon Boutique.
   598 | D:1      | Reached XP level 2. HP: 27/27 MP: 1/1
   801 | D:1      | Reached skill level 3 in Axes
   873 | D:2      | Found a hide-covered altar of Uskayaw.
   898 | D:2      | Reached XP level 3. HP: 29/33 MP: 2/2
  1658 | D:2      | Reached XP level 4. HP: 21/40 MP: 3/3
  2045 | D:3      | Reached skill level 4 in Axes
  2288 | D:3      | Reached XP level 5. HP: 46/47 MP: 4/4
  2511 | D:3      | Found an iron altar of Okawaru.
  3147 | D:4      | Reached skill level 5 in Axes
  3294 | D:4      | Found a snail-covered altar of Cheibriados.
  3497 | D:4      | Reached XP level 6. HP: 42/55 MP: 5/5
  3719 | D:4      | Reached skill level 5 in Fighting
  3719 | D:4      | Reached skill level 5 in Armour
  3719 | D:4      | Reached skill level 5 in Shields
  4592 | D:5      | Entered Level 5 of the Dungeon
  4640 | D:5      | Reached skill level 6 in Axes
  4642 | D:5      | Reached XP level 7. HP: 25/61 MP: 6/6
  5346 | D:5      | Reached skill level 7 in Axes
  5485 | D:5      | Noticed Pikel
  5500 | D:5      | Slain by Pikel

Illustrated notes

Levels and vault maps discovered:
D:1:      lightli_arrival_statuegarden, layout_loops_cross, serial_shops,
          nicolae_shop_competitors_out_of_business, serial_forest,
          infiniplex_forest_straight_4, infiniplex_forest_straight_3,
          infiniplex_forest_end_1, infiniplex_forest_straight_3,
          infiniplex_forest_corner_1, infiniplex_forest_zigzag_1,
          infiniplex_forest_lined_4_way
D:2:      layout_rooms, basic_altar
D:3:      layout_basic, nicolae_overflow_crystal_walls, serial_aquarium,
          aquarium_bridge_straight [aquarium_subvault_bridge,
          aquarium_subvault_wall, aquarium_subvault_bridge,
          aquarium_subvault_window], aquarium_window_3, aquarium_window_fake,
          aquarium_window_1, aquarium_view_2e, aquarium_view_2c,
          grunt_ministairs_11
D:4:      layout_basic, amcnicky_altar_gilded, serial_bayou_ford_a
D:5:      layout_loops_ring, tgw_kikubaaqudgha, uniq_pikel

Skill      XL: |  1  2  3  4  5  6  7 |
---------------+----------------------+-----
Axes           | 3 4 5 6 7 |  7.1
Fighting       | 4 5 6 |  6.0
Armour         | 4 5 6 |  6.0
Shields        | 4 5 |  5.9

Action                   |  1- 3 |  4- 6 |  7- 9 || total
-------------------------+-------+-------+-------++-------
Melee: War axe           |    88 |   160 |    53 ||   301
       Headbutt          |    10 |    24 |     9 ||    43
  Use: Scroll            |       |    10 |       ||    10
       Potion            |       |       |     1 ||     1
Armor: Scale mail        |    40 |    69 |    13 ||   122
Dodge: Dodged            |    28 |    50 |    13 ||    91
Block: Kite shield       |    58 |    99 |    21 ||   178

Table legend: (Time is in decaauts)
 A = Elapsed time spent in this place.
 B = Non-inter-level travel time spent in this place.
 C = Inter-level travel time spent in this place.
 D = Time resting spent in this place.
 E = Time spent auto-exploring this place.
 F = Levels seen in this place.
 G = Mean time per level.
                   A        B        C        D        E       F      G
               +--------+--------+--------+--------+--------+-----+--------+
         Total |   5656 |   5457 |    199 |    793 |   3961 |   5 | 1131.2 |
       Dungeon |   5656 |   5457 |    199 |    793 |   3961 |   5 | 1131.2 |
               +--------+--------+--------+--------+--------+-----+--------+

Top non-repeatable levels by time:
     D:4: 1845 daAuts
     D:2: 1000 daAuts
     D:3: 991 daAuts
     D:5: 933 daAuts
     D:1: 887 daAuts
